AoeStats
← 酥凉

MegaRandom

510325492Analyzed
2v2 RM · 1d ago on Sep 30, 2026· 35m 35s· 4 players
Game mode
Random Map
Map size
Medium (4 player)
Population
200
Speed
Normal
Resources
Standard
Victory
Conquest
Starting age
Dark Age
Ending age
Imperial Age
RankedLock teamsTeams togetherTeam positionsShared explorationLock speedFull tech treeHidden civsTurbo modeCheats
Victory
Defeat
🇨🇳 Malians · China
987
+15
🇨🇳 Varangians · China
962
+16
🇨🇭 Danes · Switzerland
996
-41
🇨🇴 Aztecs · Colombia
934
-14
TKDanis
11:26 Feudal Age
10:41 Loom
15:15 Castle Age
13:20 Horse Collar
19:49 Double-Bit Axe
21:51 Forging
32:28 Iron Casting
31:59 Scale Barding Armor
31:58 Husbandry
32:17 Bloodlines
34:22 Chain Barding Armor
酥凉
11:44 Feudal Age
16:22 Castle Age
15:41 Loom
21:04 Horse Collar
24:11 Double-Bit Axe
27:00 Tigui
28:10 Fletching
33:01 Imperial Age
32:46 Wheelbarrow
32:34 Treadmill Crane
33:41 Bodkin Arrow
35:02 Ballistics
35:51 Chemistry
jaqcka
1:32 Loom
11:15 Feudal Age
11:56 Double-Bit Axe
12:45 Gold Mining
14:30 Scale Mail Armor
19:34 Forging
19:15 Arson
22:46 Castle Age
20:40 Horse Collar
22:58 Fletching
23:08 Padded Archer Armor
32:21 Elite Skirmisher
33:38 Stone Mining
wolkhw
7:41 Loom
14:24 Feudal Age
14:55 Double-Bit Axe
14:53 Horse Collar
17:42 Wheelbarrow
20:53 Castle Age
19:25 Arson
20:50 Gold Mining
20:50 Stone Mining
22:16 Squires
22:19 Scale Mail Armor
22:29 Forging
22:45 Bow Saw
23:51 Gold Shaft Mining
28:04 Heavy Plow
28:56 Gambesons
30:37 Chain Mail Armor
31:50 Hand Cart
32:57 Iron Casting
Connection lost

Rejoining the realm…

Still unreachable

The connection could not be restored.

Session expired

The server has moved on; the page needs a fresh start.